AoeStats
← AiM | Alexander the conqueror

Nomad

510447565Analyzed
4v4 RM · 1d ago on Oct 1, 2026· 45m 35s· 8 players
Game mode
Random Map
Map size
231×231
Population
200
Speed
Normal
Resources
Standard
Victory
Conquest
Starting age
Dark Age
Ending age
Imperial Age
RankedLock teamsTeams togetherTeam positionsShared explorationLock speedFull tech treeHidden civsTurbo modeCheats
Victory
Defeat
🇦🇷 Berbers · Argentina
1523
+10
1478
+11
🇦🇷 Vikings · Argentina
1390
+15
🇨🇴 Tatars · Colombia
1260
+20
🇲🇽 Mapuche · Mexico
1635
-24
🇦🇷 Dravidians · Argentina
1347
-13
🇲🇽 Vietnamese · Mexico
1318
-12
🇨🇴 Magyars · Colombia
1166
-7
VX | Anubis
4:05 Loom
14:00 Feudal Age
14:07 Feudal Age
18:17 Castle Age
16:46 Double-Bit Axe
19:13 Forging
19:12 Fletching
19:39 Bow Saw
37:33 Wheelbarrow
44:01 Ballistics
LVH.The Scraggy
6:21 Loom
13:26 Feudal Age
15:56 Double-Bit Axe
19:02 Scale Barding Armor
23:24 Castle Age
22:40 Bloodlines
22:55 Fletching
23:06 Padded Archer Armor
23:54 Gold Mining
24:45 Wheelbarrow
24:49 Thumb Ring
24:42 Bodkin Arrow
31:26 Husbandry
33:48 Ballistics
LVH| Oskar Von Arnim
6:07 Loom
13:44 Feudal Age
17:57 Castle Age
16:33 Town Watch
35:34 Fletching
37:12 Double-Bit Axe
38:08 Horse Collar
38:57 Bodkin Arrow
40:28 Bow Saw
41:19 Heavy Plow
44:52 Padded Archer Armor
44:15 Elite Skirmisher
45:41 Wheelbarrow
45:18 Thumb Ring
LVH.Zoka
5:45 Loom
12:38 Feudal Age
15:40 Fletching
22:33 Castle Age
22:49 Castle Age
24:35 Bodkin Arrow
24:22 Crossbowman
36:08 Imperial Age
35:09 Wheelbarrow
35:29 Double-Bit Axe
35:39 Gold Mining
36:10 Arbalester
36:59 Bracer
38:27 Chemistry
37:48 Ballistics
38:13 Arbalester
42:28 Elite Skirmisher
AiM | Alexander the conqueror
11:05 Loom
13:22 Feudal Age
17:39 Castle Age
15:45 Scale Mail Armor
15:55 Forging
16:00 Double-Bit Axe
16:26 Forging
20:59 Squires
21:40 Gambesons
26:06 Bow Saw
26:13 Arson
30:56 Horse Collar
38:02 Wheelbarrow
40:39 Fishing Lines
44:56 Imperial Age
42:42 Hand Cart
42:12 Town Watch
42:35 Fletching
43:23 Gold Mining
44:16 Chain Mail Armor
44:37 Iron Casting
44:23 Heavy Plow
46:17 Plate Mail Armor
Cleryus
9:28 Loom
13:10 Feudal Age
15:20 Double-Bit Axe
19:20 Castle Age
18:22 Fletching
20:03 Bodkin Arrow
23:34 Padded Archer Armor
24:21 Ballistics
27:03 Leather Archer Armor
28:05 Town Watch
30:57 Wheelbarrow
30:33 Bow Saw
30:04 Horse Collar
31:28 Bloodlines
35:48 Hand Cart
35:35 Husbandry
35:57 Heavy Plow
40:41 Town Patrol
45:22 Imperial Age
43:10 Scale Barding Armor
43:38 Light Cavalry
46:08 Bracer
Oveja Not Toxic
5:06 Loom
13:27 Feudal Age
14:20 Double-Bit Axe
15:04 Town Watch
16:13 Fletching
24:23 Castle Age
22:35 Gold Mining
23:22 Padded Archer Armor
23:59 Horse Collar
25:44 Bow Saw
25:44 Bodkin Arrow
25:11 Crossbowman
27:19 Gold Shaft Mining
28:21 Leather Archer Armor
29:54 Stone Mining
31:26 Heavy Plow
32:09 Ballistics
36:38 Imperial Age
37:25 Bracer
38:32 Chemistry
37:02 Arbalester
38:20 Conscription
38:16 Bogsveigar
Ronin Charles
13:46 Feudal Age
12:58 Loom
14:42 Double-Bit Axe
17:24 Castle Age
15:15 Horse Collar
15:57 Fletching
16:48 Padded Archer Armor
19:09 Bow Saw
19:02 Bodkin Arrow
31:42 Husbandry
35:59 Ballistics
41:52 Imperial Age
42:39 Bracer
43:44 Chemistry
43:20 Elite Camel Archer
45:13 Leather Archer Armor
Connection lost

Rejoining the realm…

Still unreachable

The connection could not be restored.

Session expired

The server has moved on; the page needs a fresh start.